 Dungeon Crawl Stone Soup version 0.32-a0-407-g4da7c8d6d1 (webtiles) character file.

Game seed: 11419446679375042273

333 Alarak the Thaumaturge (level 6, -8/32 HPs)
             Began as a Deep Elf Conjurer on Feb 21, 2024.
             Mangled by Duvessa
             ... wielding a +0 rapier
              (14 damage)
             ... on level 4 of the Dungeon.
             The game lasted 00:06:59 (3348 turns).

Alarak the Thaumaturge (Deep Elf Conjurer)          Turns: 3348, Time: 00:07:00

Health: -8/32      AC:  3    Str:  4    XL:     6   Next: 27%
Magic:  14/20      EV: 13    Int: 25    God:
Gold:   188        SH:  0    Dex: 21    Spells: 20/23 levels left

rFire   . . .        t - +4 whip of the Open Hand {drain, ^Contam Fly rCorr Dex+2}
rCold   . . .        (no shield)
rNeg    . . .        a - +0 robe
rPois   .            (no helmet)
rElec   .            r - +0 cloak
rCorr   +            (no gloves)
SInv    .            (no boots)
Will    +....        (no amulet)
Stlth   +            o - ring of willpower
HPRegen 0.25/turn    k - +6 ring of dexterity
MPRegen 0.17/turn

%: no passive effects
@: confused, ambrosia-drunk, attractive, flying
A: no striking features
a: no special abilities


You were on level 4 of the Dungeon.
You visited 1 branch of the dungeon, and saw 4 of its levels.

You collected 188 gold pieces.

Inventory:

Hand Weapons
 t - the +4 whip of the Open Hand (weapon) {drain, ^Contam Fly rCorr Dex+2}
   (You found it on level 3 of the Dungeon)

   Dex+2:     It affects your dexterity (+2).
   Fly:       It grants you flight.
   ^Contam:   It causes magical contamination when unequipped.
   rCorr:     It protects you from acid and corrosion.
Armour
 a - a +0 robe (worn)
 r - a +0 cloak (worn)
Magical Staves
 s - a staff of cold
Jewellery
 k - a +6 ring of dexterity (right hand)
 o - a ring of willpower (left hand)
Talismans
 j - a blade talisman
Scrolls
 c - 3 scrolls of identify {unknown}
 d - 6 scrolls of revelation {unknown}
 e - a scroll of poison {unknown}
 f - a scroll of enchant weapon {unknown}
 g - a scroll of vulnerability {unknown}
 h - 2 scrolls of teleportation {unknown}
 l - 4 scrolls of brand weapon {unknown}
 n - a scroll of fear {unknown}
Potions
 b - a potion of magic
 p - a potion of curing {unknown}
 q - a potion of might {unknown}
 u - a potion of enlightenment {unknown}


   Skills:
 - Level 2.4 Dodging
 - Level 2.4 Stealth
 + Level 9.0 Spellcasting
 - Level 4.3 Conjurations


You had 20 spell levels left.
You knew the following spells:

 Your Spells              Type           Power      Damage    Failure   Level
a - Magic Dart            Conj           100%       1d8       1%          1
b - Searing Ray           Conj           66%        2d6       1%          2

Your spell library contained the following spells:

 Spells                   Type           Power      Damage    Failure   Level
 Dazzling Flash           Conj/Hex       44%        N/A       7%          3
 Volatile Blastmotes      Fire/Tloc      22%        2d11      16%         3
 Fulminant Prism          Conj/Alch      11%        3d9       22%         4
 Iskenderun's Mystic Bla  Conj/Tloc      22%        2d6       22%         4
 Starburst                Conj/Fire      11%        6d5       98%         6
 Maxwell's Capacitive Co  Air            5%         ∞         100%        8


Dungeon Overview and Level Annotations

Branches:
Dungeon (4/15)
 Temple: D:4-7

Altars:
Kikubaaqudgha
Xom

Shops:
D:1 =

Annotations:
D:4 Duvessa


Message History

The searing ray misses Duvessa. (Press . to maintain the ray.)
The searing ray hits the iguana.
You kill the iguana!
The searing ray hits Duvessa!
Duvessa is moderately wounded.
You have reached level 6!
The searing ray hits Dowan.
Dowan is moderately wounded.
The searing ray hits Duvessa.
Duvessa is moderately wounded.
Dowan hits you with a +0 dagger.
Casting: Searing Ray (safe; 1% risk of failure)
Confirm with . or Enter, or press ? or * to list all spells.
Restarting spell: Searing Ray (safe; 1% risk of failure)
Press: ? - help, Shift-Dir - straight line, f - Dowan
Aim: Dowan, wielding a +0 dagger and wearing a +2 robe of willpower (moderately wounded, 73% to hit)
The searing ray hits Dowan.
Dowan is heavily wounded.
The searing ray hits Duvessa.
Duvessa is moderately wounded. (Press . to maintain the ray.)
The searing ray hits Dowan.
Dowan is almost dead.
Dowan misses you.
The searing ray hits Dowan!
You kill Dowan!
Duvessa screams, "No!
How DARE you!"
Duvessa goes berserk!
Duvessa hits you but does no damage. Duvessa hits you with a +0 rapier!
* * * LOW HITPOINT WARNING * * *
Your Spellcasting skill increases to level 9!
It was a potion of ambrosia.
You are confused.
You feel invigorated. Duvessa hits you with a +0 rapier!
* * * LOW HITPOINT WARNING * * *
It was a potion of attraction.
You feel attractive to monsters. Duvessa hits you with a +0 rapier!
You die...

##........##.....# .
#.........#.....## ..
##....#...#......###.. .
##....#..........#....
....##...#..#..............
.........#.###)............
#...##.#..)# #...#.........
#.. #####e# #...###...##..
#. ..#.##)@####..####.## #
..................<#
..###......#.......#
.........##....#...
###.......#....###..
##......#...... .#.
............#.#..[##.
..#.......#####...# ##
##.#........ ..


You could see Duvessa (berserk).

Vanquished Creatures
  An ogre (D:4)
  Dowan (D:4)
  A bombardier beetle (D:3)
  2 iguanas
  3 adders (D:3)
  2 dart slugs (D:1)
  A ribbon worm (D:3)
  2 orcs (D:3)
  7 endoplasms
  4 giant cockroaches
  7 goblins
  2 hobgoblins (D:1)
  3 jackals (D:2)
  A kobold (D:1)
  2 quokkas (D:2)
  4 ball pythons
  3 bats
  5 rats
51 creatures vanquished.

Notes
Turn   | Place    | Note
-------+----------+-------------------------------------------
     0 | D:1      | Alarak the Deep Elf Conjurer began the quest for the Orb.
     0 | D:1      | Reached XP level 1. HP: 10/10 MP: 6/6
   130 | D:1      | Reached skill level 4 in Spellcasting
   130 | D:1      | Reached XP level 2. HP: 15/15 MP: 2/9
   429 | D:1      | Found Pyho's Jewellery Emporium.
   462 | D:1      | Reached XP level 3. HP: 19/19 MP: 9/11
   495 | D:1      | Reached skill level 5 in Spellcasting
  1142 | D:2      | Learned a level 2 spell: Searing Ray
  1592 | D:2      | Reached XP level 4. HP: 24/24 MP: 7/13
  1676 | D:2      | Reached skill level 6 in Spellcasting
  2234 | D:3      | Found a shimmering altar of Xom.
  2328 | D:3      | Reached skill level 7 in Spellcasting
  2360 | D:3      | Found a faded altar of an unknown god.
  2366 | D:3      | Identified the +4 whip of the Open Hand {drain, ^Contam Fly
                  | rCorr Dex+2}
  2382 | D:3      | Reached XP level 5. HP: 28/28 MP: 6/16
  2657 | D:3      | Found an ancient bone altar of Kikubaaqudgha.
  3325 | D:4      | Noticed Dowan
  3325 | D:4      | Noticed an ogre
  3335 | D:4      | Noticed Duvessa
  3339 | D:4      | Killed an ogre
  3340 | D:4      | Reached skill level 8 in Spellcasting
  3343 | D:4      | Reached XP level 6. HP: 19/32 MP: 10/19
  3346 | D:4      | Killed Dowan
  3347 | D:4      | Reached skill level 9 in Spellcasting
  3348 | D:4      | Mangled by Duvessa

Illustrated notes

Levels and vault maps discovered:
D:1:      dpeg_arrival_erosion, layout_basic, serial_shops, nicolae_shop_trees
D:2:      layout_loops_ring
D:3:      layout_basic, nicolae_overflow_ecumenical_swirl,
          mainiacjoe_overflow_chevrons
D:4:      layout_cave_pools, minmay_temple_entry_butterflies, uniq_natasha,
          uniq_duvessa

Skill      XL: |  1  2  3  4  5  6 |
---------------+-------------------+-----
Spellcasting   | 4 5 7 8 9 |  9.0
Dodging        | |  2.4
Stealth        | |  2.4
Conjurations   | |  4.3

Action                     |  1- 3 |  4- 6 || total
---------------------------+-------+-------++-------
   Cast: Magic Dart        |    60 |    36 ||    96
         Searing Ray       |       |     9 ||     9
    Use: Potion            |       |     2 ||     2
 Armour: Robe              |     2 |     8 ||    10
  Dodge: Dodged            |     5 |     2 ||     7

Table legend: (Time is in decaauts)
 A = Elapsed time spent in this place.
 B = Non-inter-level travel time spent in this place.
 C = Inter-level travel time spent in this place.
 D = Time resting spent in this place.
 E = Time spent auto-exploring this place.
 F = Levels seen in this place.
 G = Mean time per level.
                   A        B        C        D        E       F      G
               +--------+--------+--------+--------+--------+-----+--------+
         Total |   3347 |   3039 |    308 |     76 |   2722 |   4 |  836.8 |
       Dungeon |   3347 |   3039 |    308 |     76 |   2722 |   4 |  836.8 |
               +--------+--------+--------+--------+--------+-----+--------+

Top non-repeatable levels by time:
     D:3: 1296 daAuts
     D:1: 1048 daAuts
     D:2: 943 daAuts
     D:4: 58 daAuts
